 Dungeon Crawl Stone Soup version 0.18.1-48-g4cf74bf (webtiles) character file.

135 alexandrvrp the Slasher (level 4, 0/38 HPs)
             Began as a Draconian Gladiator on June 27, 2016.
             Slain by an orc priest
             ... wielding a +0 mace
              (5 damage)
             ... on level 3 of the Dungeon.
             The game lasted 00:06:06 (2722 turns).

alexandrvrp the Slasher (Draconian Gladiator)       Turns: 2722, Time: 00:06:07

Health: 0/38       AC:  5    Str: 16 (17) XL:     4   Next: 97%
Magic:  5/5        EV: 12    Int:  6 (9)  God:
Gold:   96         SH:  3    Dex: 10 (12) Spells: 0 memorised, 5 levels left

rFire  . . .     SeeInvis .     a - +0 long sword
rCold  . . .     Gourm    .     (armour unavailable)
rNeg   . . .     Faith    .     g - +0 buckler
rPois  .         Spirit   .     b - +0 hat
rElec  .         Dismiss  .     (no cloak)
rCorr  .         Reflect  .     (no gloves)
SustAt .         Harm     .     (no boots)
MR     .....                    (no amulet)
Stlth  +.........               (no ring)
                                (no ring)

@: not resistant to hostile enchantments, very unstealthy
A: unfitting armour, cold-blooded, AC +5
a: no special abilities


You were on level 3 of the Dungeon.
You were not hungry.

You visited 1 branch of the dungeon, and saw 3 of its levels.

You collected 96 gold pieces.

Inventory:

Hand Weapons
 a - a +0 long sword (weapon)
 k - a +0 great sword
Missiles
 c - 3 throwing nets (quivered)
Armour
 b - a +0 hat (worn)
 g - a +0 buckler (worn)
Scrolls
 e - a scroll of identify {unknown}
 f - 2 scrolls of remove curse {unknown}
 h - 2 scrolls of teleportation {unknown}
 i - a scroll of fear {unknown}
 l - a scroll of enchant armour {unknown}
 m - 2 scrolls of enchant weapon {unknown}
 o - a scroll of fog {unknown}
 p - a scroll of recharging {unknown}
Potions
 j - a potion of degeneration
Comestibles
 d - a bread ration
 n - a royal jelly


   Skills:
 * Level 3.3 Fighting
 * Level 3.6 Long Blades
 - Level 2.0 Throwing
 * Level 3.2 Dodging
 + Level 1.1 Stealth
 * Level 1.6 Shields
 + Level 1.0 Spellcasting


You had 5 spell levels left.
You didn't know any spells.

Dungeon Overview and Level Annotations

Branches:
Dungeon (3/15)

Altars:


Innate Abilities, Weirdness & Mutations

Your plain brown scales are hard (AC +5).
Your body does not fit into most forms of armour.
You are cold-blooded and may be slowed by cold attacks.


Message History

You tail-slap the orc, but do no damage.
The orc priest calls down the wrath of Beogh upon you.
Beogh smites you! The orc closely misses you.
You slash the orc!
You kill the orc!
You hit the orc.
You kill the orc!
The orc priest calls down the wrath of Beogh upon you.
Pain shoots through your body!
* * * LOW HITPOINT WARNING * * *
You are too injured to fight recklessly!
You are too injured to fight recklessly!
Drink which item? (? for menu, Esc to quit)
It was a potion of degeneration.
There was something very wrong with that liquid.
You feel weakened.
You feel dopey.
You feel clumsy.
You hit the orc priest.
Your tail-slap misses the orc priest.
The orc priest is moderately wounded.
The orc priest hits you with a mace.
You die...

...#.#.#.# #.........#
#..........# ###.#.#.#.#.
#.#.#.#.#.. .
.####.........# ..
.....#.#.#.#.#
.#.#####†##.........#
.........##.#.#.#.#.##.##
..#.#.##o##.........##...
#......#@####..#..#######
#.#.#.)..................
#......#.##..............
###....#$#####.#######.##
######.# #.........# #.#
########### #.# ..# ###


You could see an orc priest.

Vanquished Creatures
  An orc wizard (D:3)
  3 adders
  3 worms
  A dart slug (D:2)
  4 giant geckos
  13 orcs
  3 giant cockroaches (D:1)
  4 goblins
  5 hobgoblins
  2 jackals (D:1)
  4 kobolds
  A quokka (D:3)
  A ball python (D:1)
  3 bats
  4 giant newts
  5 rats
57 creatures vanquished.

Notes
Turn   | Place    | Note
--------------------------------------------------------------
     0 | D:1      | alexandrvrp the Draconian Gladiator began the quest for the Orb.
     0 | D:1      | Reached XP level 1. HP: 17/17 MP: 1/1
     0 | D:1      | Noticed a ghoul
     0 | D:1      | Noticed an elf
     1 | D:1      | Noticed a human
     1 | D:1      | Noticed an elf
     3 | D:1      | Noticed a centaur
     5 | D:1      | Noticed a gargoyle
     6 | D:1      | Noticed an elf
     7 | D:1      | Noticed a troll
    10 | D:1      | Noticed a dwarf
    10 | D:1      | Noticed a draconian
    12 | D:1      | Noticed a formicid
    12 | D:1      | Noticed a felid
    14 | D:1      | Noticed a vampire
    14 | D:1      | Noticed a draconian
    16 | D:1      | Noticed a spriggan
    18 | D:1      | Noticed a human
    18 | D:1      | Noticed a draconian
   280 | D:1      | Reached XP level 2. HP: 22/25 MP: 2/2
   614 | D:2      | Reached XP level 3. HP: 12/30 MP: 3/3
  1498 | D:2      | Reached skill level 1 in Shields
  1722 | D:3      | Reached XP level 4. HP: 34/38 MP: 4/4
  2294 | D:3      | Reached skill level 1 in Spellcasting
  2359 | D:3      | Reached skill level 1 in Stealth
  2722 | D:3      | Slain by an orc priest

Skill      XL: |  1  2  3  4 |
---------------+-------------+-----
Throwing       | 2 |  2.0
Dodging        | 3 |  3.2
Shields        | 1 |  1.6
Fighting       | 3 |  3.3
Spellcasting   | 1 |  1.0
Stealth        | 1 |  1.1
Long Blades    | |  3.6

Action                   |  1- 3 |  4- 6 || total
-------------------------+-------+-------++-------
Melee: Long sword        |    90 |    90 ||   180
       Tailslap          |    13 |    11 ||    24
  Use: Potion            |       |     2 ||     2
 Stab: Sleeping          |       |     1 ||     1
  Eat: Chunk             |     2 |     4 ||     6
Armor: Skin              |    26 |    34 ||    60
Dodge: Dodged            |    55 |    51 ||   106
Block: Buckler           |     6 |    20 ||    26
